Unix NetHack Version 5.0.0-0 post-release - last build May 23 2026 06:08:33 (1c0ff79ee797540d5714e4e18072db0edd9e58ae,branch:main).

Game began 2026-05-27 01:43:31, ended 2026-05-27 04:48:26.

FalseGod, chaotic female elven Wizard

                        ---------------------------------      ---------
                        |...............................|      |.......|
                        |.----....-----.----|--..-----..|#####@..@.....|#
                        |.|..|---.|...|.|..|..|..|(((|..|#    #|.......|#
                        |.|..|..|.|.!.|.-..|..|..|+((|..|#   ##|.[.....|#
                        |.-|-|..|.|...-.--------.|...|..|#   # |.<.....|#
                        |....|..|.|..[|....|./]|.--|--..|# #)# ---(-----#
  -----------           |.{..-|--.----|....-.//|........|# #     ###    #
  |.........|           |..........-..|+--.-----..-----.|###     ####  ##
  |........>.##    #####.....-|--..|..|  |........-.%%|.|#          )  #
  |.........| #  ###    |.--+|..|.----|  |--|-....|.%%|..#           ###
  |..........###########|.|  |..|.|.??|--|...|---.-----.|#           #.------
  ----------- #        #|.|  |---.-.]"|..|...|..+.......|#           #|.....|
              #######  #|.|  |....|.%"|..|...|..|....})}|#           #|.....|
                    #  #|.----....-----|---..-..........|#            |.....|
                    ####-.........[..)...............}.}|#            -------
                       #---------------------------------#

FalseGod the Thaumaturge  St:10 Dx:15 Co:13 In:20 Wi:11 Ch:8  Chaotic
Dlvl:6  $:113 HP:0(38) Pw:1(85) AC:7  Xp:7 T:5704 

Latest messages:
 The spell hits the gnome!
 You kill the gnome!
 You see here a dagger.
 You see here an uncursed thoroughly rusty -1 pair of hard shoes.
 You descend the stairs.
 It's a wall.
 In what direction? k
 The magic missile hits the watchman!
 The magic missile bounces!
 The watchman thrusts her spear.
 The watchman hits!
 In what direction? k
 You kill the watchman!
 The magic missile bounces!
 There are several objects here.
 O - a wooden shield.
 P - a spellbook of light.
 The watch captain wields a silver saber!
 In what direction? <esc>
 The magical energy is released!
 The sleep ray bounces!
 The sleep ray hits you!
 You don't feel sleepy.
 You hear someone cursing shoplifters.
 In what direction? k
 The sleep ray hits the watch captain.
 The sleep ray bounces!
 Pick a monster, object or location.
 In what direction? k
 The magic missile misses the watch captain.
 The magic missile bounces!
 The magic missile hits the watch captain!
 In what direction? k
 The magic missile misses the watch captain.
 The magic missile bounces!
 The magic missile hits the watch captain!
 What do you want to zap? [cKLV or ?*] ?
 In what direction? k
 The sleep ray hits the watch captain.
 You miss the watch captain.
 The watch captain swings her silver saber.
 The watch captain hits!
 The watch captain swings her silver saber.
 The watch captain hits again!
 You die...
 Do you want your possessions identified? [ynq] (y) y
 Do you want to see your attributes? [ynq] (y) y
 Do you want an account of creatures vanquished? [ynaq] (y) n
 Do you want to see your conduct and achievements? [ynq] (y) n
 Do you want to see the dungeon overview? [ynq] (y) y

Inventory:
 Coins    ('$')
  $ - 113 gold pieces
 Weapons  (')')
  A - a +0 dagger (weapon in right hand)
  a - a blessed +1 quarterstaff
 Armor    ('[')
  z - an uncursed +0 pair of iron shoes (being worn)
  O - a blessed +2 small shield
  H - an uncursed +1 alchemy smock with text "I'm making SCIENCE!"
  o - an uncursed +0 cloak of magic resistance (being worn)
  G - an uncursed +0 dwarvish cloak
  I - an uncursed +0 dwarvish cloak
  M - an uncursed +0 dwarvish cloak
 Comestibles  ('%')
  r - an uncursed food ration
  q - an uncursed lembas wafer
  v - an uncursed tin of spinach
  g - an uncursed lizard corpse
 Scrolls  ('?')
  k - an uncursed scroll of confuse monster
  x - 2 uncursed scrolls of create monster
  m - an uncursed scroll of destroy armor
  i - a blessed scroll of earth
  l - an uncursed scroll of earth
  D - 2 cursed scrolls of enchant weapon
  W - an uncursed scroll of gold detection
  C - an uncursed scroll of identify
  F - an uncursed scroll of light
  J - a cursed scroll of stinking cloud
  N - an uncursed scroll of taming
 Spellbooks  ('+')
  P - an uncursed spellbook of light
 Potions  ('!')
  h - a blessed potion of confusion
  t - 2 blessed potions of healing
 Rings    ('=')
  u - an uncursed ring of conflict
  d - an uncursed ring of searching (on left hand)
 Wands    ('/')
  L - a wand of fire (0:6)
  c - a wand of make invisible (0:4)
  K - a wand of sleep (0:2)
  V - a wand of teleportation (0:3)
 Tools    ('(')
  B - an uncursed leather drum
  b - an uncursed blindfold
  n - a magic marker (0:21)
  w - an uncursed oil lamp
  p - a +0 pick-axe (alternate weapon; not wielded)

FalseGod the Wizard's attributes:

Background:
 You were a Thaumaturge, a level 7 female elven Wizard.
 You were chaotic, on a mission for Anhur
 who was opposed by Ptah (lawful) and Thoth (neutral).
 You were right-handed.
 You were in the Gnomish Mines, on level 6.
 You entered the dungeon 5704 turns ago.
 It was nighttime.
 You had 901 experience points, 379 more were needed to attain level 8.

Basics:
 You had 0 out of 38 hit points.
 You had 1 out of 85 energy points (spell power).
 Your armor class was 7.
 Your wallet contained 113 zorkmids.
 Autopickup was off.

Final Characteristics:
 Your strength was 10 (peak:12, limit:18).
 Your dexterity was 15 (limit:18).
 Your constitution was 13 (limit:16).
 Your intelligence was 20 (limit:20).
 Your wisdom was 11 (limit:20).
 Your charisma was 8 (limit:18).

Final Status:
 You weren't hungry.
 You were unencumbered.
 You were wielding a dagger.
 You were unskilled in dagger.

Final Attributes:
 You were piously aligned.
 You were magic-protected.
 You were sleep resistant.
 You had automatic searching.
 You had infravision.
 You were invisible.
 You were warded.
 You were lucky.
 You are dead.

Miscellaneous:
 You didn't encounter any bones levels.
 Total elapsed playing time was 2 hours, 2 minutes and 6 seconds.

Major events:
 Turn
    1: FalseGod the chaotic female elven Wizard entered the dungeon
 1150: attained the rank of Conjurer (level 3)
 2616: entered the Gnomish Mines
 3354: attained the rank of Thaumaturge (level 6)
 4388: reached Mine Town
 5704: killed by a watch captain

Spells:
 Name                 Level Category     Fail Retention
 force bolt             1   attack         0%   71%-75%
 magic missile          2   attack         0%   71%-75%
 sleep                  3   enchantment    0%   81%-90%

Skills:
 Fighting Skills
   bare handed combat [Unskilled]
   riding             [Unskilled]
 Weapon Skills
   dagger             [Unskilled]
   knife              [Unskilled]
   axe                [Unskilled]
   short sword        [Unskilled]
   club               [Unskilled]
   mace               [Unskilled]
   quarterstaff       [Basic]
   polearms           [Unskilled]
   spear              [Unskilled]
   trident            [Unskilled]
   sling              [Unskilled]
   dart               [Unskilled]
   shuriken           [Unskilled]
 Spellcasting Skills
   attack spells      [Skilled]
   healing spells     [Unskilled]
   divination spells  [Unskilled]
   enchantment spells [Basic]
   clerical spells    [Unskilled]
   escape spells      [Unskilled]
   matter spells      [Unskilled]

Voluntary challenges:
 Character rerolling was not enabled.
 You never genocided any monsters.
 You never polymorphed an object.
 You never changed form.
 You used no wishes.
Achievements:
 You attained the rank of Conjurer.
 You entered a shop.
 You entered the Gnomish Mines.
 You attained the rank of Thaumaturge.
 You entered Minetown.
 You entered a temple.

 The Dungeons of Doom: levels 1 to 5
    Level 1:
    Level 2:
       Stairs down to The Gnomish Mines.
    Level 3:
    Level 4:
       A food shop.
    Level 5:
 The Gnomish Mines: levels 3 to 6
    Level 3: "Spells on Elbereth"
    Level 4:
    Level 5:
    Level 6: <- You were here.
       Some shops, a temple and an altar to Anhur, a fountain.
       Final resting place for
          you, killed by a watch captain.
 The Tutorial:
    Level 1:
       A tree.


Vanquished creatures:
  a watchman
  a giant beetle
  a gnome ruler
  a lizard
  a water nymph
  2 ponies
  a fog cloud
  a yellow light
  3 shriekers
  4 gnome leaders
  2 gnomish wizards
 an elf zombie
  4 giant ants
  2 floating eyes
  2 kittens
  9 dwarves
  a kobold leader
  a kobold shaman
  2 orc zombies
  a werejackal
  3 iguanas
  2 acid blobs
  a coyote
  a gas spore
  2 hobbits
  6 manes
  a large kobold
  5 giant rats
  4 cave spiders
  3 yellow molds
  a green mold
 18 gnomes
  a gnome zombie
  a gecko
 10 jackals
  4 foxes
  2 kobolds
  2 goblins
  4 sewer rats
  8 grid bugs
  4 lichens
  7 newts
131 creatures vanquished.

No species were genocided or became extinct.

Game over:
                       ----------
                      /          \
                     /    REST    \
                    /      IN      \
                   /     PEACE      \
                  /                  \
                  |     FalseGod     |
                  |      113 Au      |
                  |   killed by a    |
                  |  watch captain   |
                  |                  |
                  |                  |
                  |       2026       |
                 *|     *  *  *      | *
        _________)/\\_//(\/(/\)/\//\/|_)_______

Goodbye FalseGod the Wizard...

You died in The Gnomish Mines on dungeon level 6 with 3976 points,
and 113 pieces of gold, after 5704 moves.
You were level 7 with a maximum of 38 hit points when you died.

